 Dungeon Crawl Stone Soup version 0.25-a0-734-g73332aeda9 (webtiles) character file.

Game seed: 8721219787132591303, levelgen mode: deterministic

14378 Maedhros the Nimble (level 12, -2/72 HPs)
             Began as an Octopode Artificer on Apr 11, 2020.
             Was a High Priest of Cheibriados.
             Killed from afar by a frost giant (49 damage)
             ... with a bolt of cold
             ... in an ice cave.
             The game lasted 00:46:10 (6466 turns).

Maedhros the Nimble (Octopode Artificer)            Turns: 6466, Time: 00:46:10

Health: -2/72      AC:  1    Str: 27    XL:     12   Next: 15%
Magic:  8/18       EV: 33    Int: 28    God:    Cheibriados [*****.]
Gold:   456        SH:  7    Dex: 29    Spells: 3/11 levels left

rFire    + . .     SeeInvis .     - Unarmed
rCold    . . .     Gourm    .   x - +0 buckler
rNeg     . . .     Faith    .   (helmet restricted)
rPois    .         Spirit   .   (no amulet)
rElec    .         Reflect  .   r - ring of protection from fire
rCorr    .         Harm     .   c - ring of protection from magic
MR       +....                  F - +5 ring of evasion
Stlth    +++++++...             (no ring)
HPRegen  0.22/turn              (no ring)
MPRegen  0.16/turn              (no ring)
                                (no ring)
                                (no ring)

@: very slow
A: almost no armour, stealthy swim, amphibious, 8 rings, constrict 8, camouflage
1, gelatinous body 1
a: Bend Time, Temporal Distortion, Slouch, Step From Time, Renounce Religion


You were in an ice cave.
You worshipped Cheibriados.
Cheibriados was extremely pleased with you.
You were not hungry.

You visited 3 branches of the dungeon, and saw 14 of its levels.
You also visited: Ice Cave.

You collected 768 gold pieces.
You spent 312 gold pieces at shops.

Inventory:

Hand Weapons
 k - a +0 rapier
 q - a +2 dagger of venom
 u - a +2 spear of venom
Missiles
 h - 4 javelins
 p - 32 poisoned darts
 s - 172 stones (quivered)
 v - 85 sling bullets
Armour
 x - a +0 buckler (worn)
Jewellery
 c - a ring of protection from magic (right tentacle)
 r - a ring of protection from fire (left tentacle)
 F - a +5 ring of evasion (on tentacle)
Wands
 b - a wand of flame (3)
 d - a wand of iceblast (15)
 l - a wand of paralysis (4)
 C - a wand of acid (6)
Scrolls
 e - 4 scrolls of teleportation
 g - 5 scrolls of remove curse
 i - 2 scrolls of amnesia
 m - 4 scrolls of magic mapping
 n - 3 scrolls of fog
 o - 2 scrolls of immolation
 A - a scroll of fear {unknown}
 B - a scroll of vulnerability {unknown}
 E - 2 scrolls of noise {unknown}
 H - a scroll of enchant weapon {unknown}
 I - a scroll of enchant armour {unknown}
 M - a scroll of blinking
Potions
 j - 4 potions of heal wounds
 t - a potion of ambrosia
 w - 2 potions of brilliance
 z - 3 potions of lignification
 D - a potion of flight
 G - a potion of haste {unknown}
 K - a potion of berserk rage {unknown}
 N - 2 potions of stabbing {unknown}
Comestibles
 f - 21 rations
 L - 6 chunks of flesh


   Skills:
 * Level 3.2 Fighting
 - Level 1.0 Short Blades
 * Level 12.6 Dodging
 + Level 11.7 Stealth
 - Level 4.0 Shields
 * Level 10.3 Unarmed Combat
 - Level 3.0 Charms
 - Level 1.0 Necromancy
 - Level 3.0 Ice Magic
 - Level 5.0 Invocations
 + Level 8.1 Evocations


You had 3 spell levels left.
You knew the following spells:

 Your Spells              Type           Power        Failure   Level  Hunger
a - Animate Skeleton      Necr           N/A          8%          1    ##.....
b - Ozocubu's Armour      Chrm/Ice       ###.....     10%         3    ####...
c - Song of Slaying       Chrm           ###.....     4%          2    ###....
d - Shroud of Golubria    Chrm/Tloc      #.....       9%          2    ###....

Your spell library contained the following spells:

 Spells                   Type           Power        Failure   Level  Hunger
 Infusion                 Chrm           ###.         3%          1    ##.....
 Pain                     Necr           #...         8%          1    ##.....
 Spectral Weapon          Hex/Chrm       #.......     19%         3    ####...
 Vampiric Draining        Necr           #.........   22%         3    ####...
 Confusing Touch          Hex            #.......     32%         3    ####...
 Gell's Gravitas          Tloc           #.........   32%         3    ####...
 Animate Dead             Necr           N/A          58%         4    #####..
 Petrify                  Tmut/Erth      #.......     73%         4    #####..
 Metabolic Englaciation   Hex/Ice        #.........   86%         5    ######.
 Agony                    Necr           #.......     90%         5    ######.
 Yara's Violent Unravell  Hex/Tmut       #.........   97%         5    ######.


Dungeon Overview and Level Annotations

Branches:
Dungeon (11/15)            Temple (1/1) D:5             Orc (2/2) D:9
    Elf (0/3) Orc:2         IceCv (1/1)
   Lair: D:8-11

Altars:
Cheibriados
Elyvilon
Fedhas
Hepliaklqana
Kikubaaqudgha
Nemelex Xobeh
Qazlal
Sif Muna
Trog
Vehumet
Wu Jian
Xom
Yredelemnul
The Shining One

Shops:
D:10 :[*   Orc:1 !

Annotations:
D:6 2 transporters, Zajic's ghost, novice TrBe


Innate Abilities, Weirdness & Mutations

You cannot wear most types of armour.
You are very stealthy in the water. (Stealth+)
You are amphibious.
You can wear up to eight rings at the same time.
You can use your tentacles to constrict eight enemies at once.
Your skin changes colour to match your surroundings (Stealth+).
Your rubbery body absorbs attacks. (AC +1, EV +1)


Message History

Aiming: Corrosive Bolt
Press: ? - help, Shift-Dir - straight line The bolt of acid hits the polar bear!!
The polar bear is splashed with acid.
The acid corrodes the polar bear!
You kill the polar bear!
Cheibriados thoroughly appreciates the change of pace.
You have finished your manual of Dodging and toss it away.
The bolt of acid hits the frost giant!!
The frost giant is splashed with acid.
The frost giant seems to be corroded for longer.
The frost giant is severely wounded.
The yak barely misses you.
Unknown command.
Evoke which item? (* to show all) (? for menu, Esc to quit)
Okay, then.
You tentacle-slap the frost giant. You squeeze the frost giant.
The frost giant is severely wounded.
The frost giant casts a spell at you. The bolt of cold hits you!!!
Ouch! That really hurt!
You die...

##...#### ####...##
#######....###
#%...#...###
.##....### ###
######## ######.##
.### ##...#.#.###
...## #.⌠..Z###ZZ#
....#####.#.###.@###
##.....#####..##CYh#
##.....####..###Y†.#
###....#...## ....#
####...### ...##
##### .### .$ #)


You could see a frost giant, a polar bear (berserk), 2 yaks, a friendly death
yak skeleton and a friendly polar bear skeleton.

Vanquished Creatures
  A death yak (IceCv)
  3 ugly things
  An ice statue (IceCv)
  2 trolls
  12 polar bears (IceCv)
  A hornet (D:10)
  2 hippogriffs
  Sigmund (D:6)
  20 yaks
  6 orc warriors
  A hungry ghost (D:11)
  A water moccasin (D:7)
  A black bear (D:10)
  An ice beast (D:7)
  2 phantoms
  17 wolves (IceCv)
  2 ogres
  A centaur (D:7)
  2 bullfrogs (D:9)
  6 scorpions
  7 killer bees
  A howler monkey (D:5)
  4 crimson imps
  5 hounds
  A bullfrog skeleton (D:9)
  A jelly (D:10)
  6 orc priests
  7 orc wizards
  3 iguanas
  5 worker ants
  A howler monkey zombie (D:6)
  Robin (D:4)
  13 adders
  13 gnolls
  2 shadow imps
  A dart slug (D:4)
  4 leopard geckos
  21 orcs
  8 bats
  5 giant cockroaches
  16 goblins
  3 hobgoblins
  9 jackals
  3 quokkas
  11 frilled lizards
  4 kobolds
  A quokka skeleton (D:8)
  10 rats
249 creatures vanquished.

Vanquished Creatures (collateral kills)
  A deep elf mage (D:9)
  4 polar bears (IceCv)
  A yak (IceCv)
  A hungry ghost (D:4)
  An orc warrior (D:9)
  A bullfrog (D:6)
  A killer bee (D:10)
  A crimson imp (D:8)
  A jelly (D:5)
  2 leopard geckos
  A gnoll (D:8)
  An adder (D:9)
  A hobgoblin (D:2)
  A jackal skeleton (D:5)
18 creatures vanquished.

Vanquished Creatures (others)
  An orc priest (D:5)
  A gnoll (D:5)
  2 goblins (D:4)
4 creatures vanquished.

Grand Total: 271 creatures vanquished

Notes
Turn   | Place    | Note
-------+----------+-------------------------------------------
     0 | D:1      | Maedhros the Octopode Artificer began the quest for the
                  | Orb.
     0 | D:1      | Reached XP level 1. HP: 13/13 MP: 3/3
   135 | D:2      | Reached XP level 2. HP: 18/18 MP: 4/4
   380 | D:4      | Reached XP level 3. HP: 15/23 MP: 5/5
   453 | D:5      | Entered Level 5 of the Dungeon
   473 | D:4      | Reached skill level 5 in Stealth
   473 | D:4      | Reached XP level 4. HP: 13/28 MP: 6/6
   565 | D:4      | Noticed Robin
   609 | D:5      | Found a staircase to the Ecumenical Temple.
   618 | Temple   | Entered the Ecumenical Temple
   638 | Temple   | Became a worshipper of Cheibriados the Contemplative
   836 | D:5      | Reached skill level 1 in Unarmed Combat
   840 | D:5      | Reached XP level 5. HP: 22/33 MP: 7/7
   933 | D:5      | Reached XP level 6. HP: 27/38 MP: 8/8
   998 | D:5      | Found an ancient bone altar of Kikubaaqudgha.
  1100 | D:3      | Reached * piety under Cheibriados
  1331 | D:2      | Found a radiant altar of Vehumet.
  1542 | D:1      | Reached ** piety under Cheibriados
  2123 | D:4      | Killed Robin
  2179 | D:4      | Noticed a phantom
  2191 | D:4      | Killed a phantom
  2222 | D:4      | Noticed a hungry ghost
  2222 | D:4      | Noticed an orc warrior
  2233 | D:4      | Reached XP level 7. HP: 28/43 MP: 9/9
  2236 | D:4      | Killed a hungry ghost
  2236 | D:4      | Reached *** piety under Cheibriados
  2271 | D:4      | Killed an orc warrior
  2271 | D:4      | Reached skill level 5 in Unarmed Combat
  2305 | D:4      | Found manual of dodging guarded by hungry ghost and orc
                  | warrior with glaive. got wand of paral so it was easy.
  2457 | D:5      | Reached skill level 3 in Dodging
  2502 | D:5      | Reached XP level 8. HP: 38/48 MP: 11/11
  2665 | D:6      | Found a transporter.
  2670 | D:6      | Noticed Zajic's ghost (novice TrBe)
  2681 | D:6      | Found a transporter.
  2725 | D:6      | Noticed Sigmund
  2732 | D:6      | Killed Sigmund
  2732 | D:6      | Reached skill level 4 in Dodging
  2742 | D:6      | Learned a level 1 spell: Animate Skeleton
  2988 | D:6      | Reached skill level 5 in Evocations
  3052 | D:6      | Reached skill level 5 in Dodging
  3201 | D:7      | Noticed a hippogriff
  3214 | D:7      | Killed a hippogriff
  3214 | D:7      | Reached skill level 6 in Dodging
  3378 | D:7      | Reached **** piety under Cheibriados
  3415 | D:7      | Reached XP level 9. HP: 48/53 MP: 9/13
  3450 | D:7      | Reached skill level 7 in Dodging
  3647 | D:8      | Reached skill level 8 in Dodging
  3839 | D:8      | found ring of +5 ev. with manual of dodging. nice.
  3992 | D:9      | Noticed a deep elf mage
  3998 | D:9      | Killed a deep elf mage
  3998 | D:9      | Reached skill level 9 in Dodging
  3998 | D:9      | Reached skill level 10 in Stealth
  4049 | D:9      | Found a staircase to the Orcish Mines.
  4061 | D:9      | Reached XP level 10. HP: 43/58 MP: 14/14
  4160 | D:9      | Reached ***** piety under Cheibriados
  4279 | D:9      | Found a faded altar of an unknown god.
  4279 | D:9      | Found a hazy altar of Hepliaklqana.
  4284 | D:9      | Found a sparkling altar of Nemelex Xobeh.
  4286 | D:9      | Found a faded altar of an unknown god.
  4287 | D:9      | Found a shimmering altar of Xom.
  4364 | D:10     | Entered Level 10 of the Dungeon
  4452 | D:10     | Found a glowing golden altar of the Shining One.
  4468 | D:10     | Reached skill level 10 in Dodging
  4520 | D:10     | Found Heawnot's Book Boutique.
  4590 | D:10     | Reached skill level 1 in Shields
  4656 | D:10     | Found Xapetroe's Antique Armour Emporium.
  4683 | D:10     | Found Jimacy's General Store.
  4686 | D:10     | Bought a wand of iceblast (7) for 132 gold pieces
  4686 | D:10     | Bought a potion of invisibility for 96 gold pieces
  4686 | D:10     | Bought a potion of heal wounds for 60 gold pieces
  4686 | D:10     | Bought a scroll of identify for 24 gold pieces
  4813 | D:10     | Learned a level 3 spell: Ozocubu's Armour
  4816 | D:10     | Learned a level 2 spell: Song of Slaying
  4819 | D:10     | Learned a level 2 spell: Shroud of Golubria
  4959 | D:11     | Noticed a green ugly thing
  4967 | D:11     | Killed a green ugly thing
  4967 | D:11     | Reached skill level 1 in Invocations
  4982 | D:11     | Noticed a purple ugly thing
  4982 | D:11     | Noticed a brown ugly thing
  5018 | D:10     | Killed a brown ugly thing
  5018 | D:10     | Reached skill level 1 in Charms
  5018 | D:10     | Reached skill level 1 in Ice Magic
  5034 | D:10     | Killed a red ugly thing
  5213 | D:7      | Reached skill level 11 in Dodging
  5354 | Orc:1    | Entered Level 1 of the Orcish Mines
  5354 | Orc:1    | Found Sytt's Distillery.
  5420 | Orc:1    | Reached XP level 11. HP: 39/63 MP: 16/16
  5518 | Orc:2    | Entered Level 2 of the Orcish Mines
  5546 | Orc:2    | Found a frozen archway.
  5594 | Orc:2    | Found a staircase to the Elven Halls.
  5598 | IceCv    | Entered an ice cave
  5772 | IceCv    | Reached skill level 1 in Necromancy
  5784 | IceCv    | Reached ****** piety under Cheibriados
  5825 | IceCv    | HP: 3/63 [polar bear (17)]
  6209 | IceCv    | Reached skill level 12 in Dodging
  6296 | IceCv    | Reached skill level 10 in Unarmed Combat
  6349 | IceCv    | Noticed a death yak
  6373 | IceCv    | Killed a death yak
  6384 | IceCv    | Reached skill level 5 in Invocations
  6395 | IceCv    | Reached XP level 12. HP: 69/71 MP: 17/17
  6461 | IceCv    | Noticed a frost giant
  6466 | IceCv    | Killed from afar by a frost giant

Levels and vault maps discovered:
D:1:      minmay_arrival_nine_rooms, layout_loops_ring
D:2:      layout_loops_ring, lemuel_round_altar
D:3:      layout_basic, uniq_ijyb
D:4:      layout_basic, first_ration, minmay_manual_moon, uniq_robin
D:5:      layout_cave_pools, minmay_temple_entry_waves, basic_altar
D:6:      layout_gridville, gammafunk_ghost_stat_death, uniq_sigmund
D:7:      layout_rooms
D:8:      layout_rooms
D:9:      layout_irregular_city, chequers_temple_overflow_minitemple,
          orc_0_dummy
D:10:     layout_layer_cave, serial_shops, nicolae_shop_behind_doors, shop,
          nicolae_shop_waterfront, nicolae_shop_behind_doors, tso_metal_star
D:11:     minmay_separated_statues, layout_rooms, lair_entry_dummy,
          minmay_misc_feat_tiny, david_nohive_1, minivault_16,
          kennysheep_generic_room_2
Temple:   compressed_dpeg_circular_temple
Orc:1:    layout_diamond_mine, serial_shops, nicolae_shop_stone
Orc:2:    st_orc_town, layout_caves, portal_ice_cave_entry_pillars_1,
          serial_shops, nicolae_shop_behind_doors, mines5_lemuel
IceCv:    ice_cave_caverns_01

Skill      XL: |  1  2  3  4  5  6  7  8  9 10 11 12 |
---------------+-------------------------------------+-----
Stealth        | 2 4 5 6 7 8 9 10 11 | 11.7
Unarmed Combat | 2 3 4 5 6 8 9 10 | 10.3
Evocations     | 4 5 6 7 8 |  8.1
Dodging        | 3 6 9 11 12 | 12.6
Shields        | 3 4 |  4.0
Invocations    | 2 5 |  5.0
Charms         | 1 3 |  3.0
Ice Magic      | 1 3 |  3.0
Necromancy     | 1 |  1.0
Fighting       | 2 3 |  3.2
Short Blades   | |  1.0

Action                   |  1- 3 |  4- 6 |  7- 9 | 10-12 || total
-------------------------+-------+-------+-------+-------++-------
Melee: Short sword       |    37 |    25 |       |       ||    62
       Constrict         |     4 |    34 |    41 |    46 ||   125
       Tentacles         |     3 |    22 |    50 |   132 ||   207
       Dagger            |       |    49 |   139 |    23 ||   211
       Rapier            |       |    36 |       |       ||    36
       Punch             |       |     1 |    11 |    41 ||    53
       Unarmed           |       |       |       |   279 ||   279
Throw: Dart              |       |       |     6 |       ||     6
       Stone             |       |       |     2 |     2 ||     4
 Cast: Animate Skeleton  |       |       |    23 |    37 ||    60
       Shroud of Golubri |       |       |       |     1 ||     1
       Song of Slaying   |       |       |       |     1 ||     1
Invok: Slouch            |       |       |       |     2 ||     2
Evoke: Wand              |     4 |    19 |    12 |    13 ||    48
  Use: Potion            |     1 |     1 |       |     1 ||     3
       Scroll            |       |     6 |     2 |     4 ||    12
 Stab: Sleeping          |     3 |    11 |    14 |    10 ||    38
       Distracted        |       |     4 |     2 |     2 ||     8
       Paralysed         |       |     2 |     4 |    10 ||    16
       Betrayed ally     |       |       |     1 |       ||     1
       Invisible         |       |       |       |     2 ||     2
  Eat: Chunk             |       |     2 |     5 |     5 ||    12
       Ration            |       |       |       |     1 ||     1
Armor: Skin              |     1 |    11 |     2 |     4 ||    18
Dodge: Dodged            |    16 |    79 |   103 |   254 ||   452
Block: Buckler           |       |       |       |    82 ||    82

Table legend:
 A = Non-vault XP
 B = Vault XP
 C = Vault XP percentage of total XP
 D = Non-vault monster count
 E = Vault monster count
 F = Vault count percentage of total count
                 A         B        C        D         E       F
            +---------+---------+-------+---------+---------+-------
      Total |    8966 |   11574 |  56.3 |     194 |      73 |  27.3
            +---------+---------+-------+---------+---------+-------
        D:1 |      36 |       0 |   0.0 |      26 |       0 |   0.0
        D:2 |      57 |       0 |   0.0 |      21 |       0 |   0.0
        D:3 |      10 |       0 |   0.0 |       7 |       0 |   0.0
        D:4 |     224 |     363 |  61.8 |       7 |      14 |  66.7
        D:5 |     590 |       0 |   0.0 |      27 |       0 |   0.0
        D:6 |     434 |     223 |  33.9 |      11 |       1 |   8.3
        D:7 |    1155 |       0 |   0.0 |      21 |       0 |   0.0
        D:8 |     756 |       0 |   0.0 |      19 |       0 |   0.0
        D:9 |    1724 |       0 |   0.0 |      21 |       0 |   0.0
       D:10 |    2458 |     187 |   7.1 |      15 |       3 |  16.7
       D:11 |     743 |     126 |  14.5 |       5 |       2 |  28.6
     Temple |       0 |       2 | 100.0 |       0 |       1 | 100.0
      Orc:1 |     571 |       0 |   0.0 |      10 |       0 |   0.0
      Orc:2 |     208 |       0 |   0.0 |       4 |       0 |   0.0
      IceCv |       0 |   10673 | 100.0 |       0 |      52 | 100.0
            +---------+---------+-------+---------+---------+-------
